AoeStats
← LucasOliveira98

Arabia

510427745Analyzed
1v1 RM · 1d ago on Oct 1, 2026· 32m 42s· 2 players
Game mode
Random Map
Map size
Tiny (2 player)
Population
200
Speed
Normal
Resources
Standard
Victory
Conquest
Starting age
Dark Age
Ending age
Imperial Age
RankedLock teamsTeams togetherTeam positionsShared explorationLock speedFull tech treeHidden civsTurbo modeCheats
Victory
Defeat
🇧🇷 Franks · Brazil
855
+15
🇨🇳 Franks · China
843
-15
crazypig
9:44 Feudal Age
10:10 Double-Bit Axe
13:33 Loom
20:46 Castle Age
25:15 Bow Saw
LucasOliveira98
6:45 Loom
9:54 Feudal Age
10:29 Double-Bit Axe
17:09 Scale Barding Armor
19:22 Forging
25:21 Castle Age
24:52 Gold Mining
Connection lost

Rejoining the realm…

Still unreachable

The connection could not be restored.

Session expired

The server has moved on; the page needs a fresh start.